 Dungeon Crawl Stone Soup version 0.29.1-2-gbd0b4ee654 (webtiles) character file.

Game seed: 13339317301004927473

4290 boopmooplesden the Cleaver (level 10, -9/86 HPs)
             Began as a Minotaur Fighter on Nov 8, 2022.
             Was an Elder of Okawaru.
             Killed by divine providence
             ... invoked by an orc priest
              (17 damage)
             ... on level 7 of the Dungeon.
             The game lasted 00:09:29 (6951 turns).

boopmooplesden the Cleaver (Minotaur Fighter)       Turns: 6951, Time: 00:09:29

Health: -9/86      AC:  9    Str: 25    XL:     10   Next: 11%
Magic:  7/9        EV: 13    Int:  5    God:    Okawaru [****..]
Gold:   466        SH: 12    Dex: 10    Spells: 9/9 levels left

rFire   . . .      SeeInvis .   a - +1 war axe
rCold   . . .      Faith    .   c - +0 buckler
rNeg    . . .      Spirit   .   b - +0 scale mail
rPois   .          Reflect  +   (helmet restricted)
rElec   .          Harm     .   (no cloak)
rCorr   +          Rampage  .   (no gloves)
Will    .....                   (no boots)
Stlth   ++........              f - amulet of reflection
HPRegen 0.24/turn               r - ring of resist corrosion
MPRegen 0.11/turn               (no ring)

@: heroic
A: horns 2, retaliatory headbutt
a: Renounce Religion, Heroism, Finesse


You were on level 7 of the Dungeon.
You worshipped Okawaru.
Okawaru was greatly pleased with you.
You visited 1 branch of the dungeon, and saw 7 of its levels.

You collected 466 gold pieces.

Inventory:

Hand Weapons
 a - a +1 war axe (weapon)
 u - a +0 trident of venom
Missiles
 q - a throwing net (quivered)
Armour
 b - a +0 scale mail (worn)
 c - a +0 buckler (worn)
 e - a +0 chain mail
 m - a +0 plate armour
 s - the +1 plate armour of Privacy {Will+++ rCorr Int-3 Dex-4}
   (You found it on level 4 of the Dungeon)

   Int:       It affects your intelligence (-3).
   Dex:       It affects your dexterity (-4).
   rCorr:     It protects you from acid and corrosion.
   Will:      It greatly increases your willpower.
Jewellery
 f - an amulet of reflection (around neck)
 k - a ring of magical power
 r - a ring of resist corrosion (left hand)
Scrolls
 g - 4 scrolls of teleportation
 h - 2 scrolls of summoning
 j - 2 scrolls of magic mapping
 n - a scroll of identify
 w - a scroll of enchant weapon
 y - a scroll of acquirement {unknown}
 z - a scroll of poison {unknown}
Potions
 d - a potion of flight {unknown}
 i - a potion of magic {unknown}
 l - a potion of invisibility
 o - 6 potions of curing
 p - a potion of heal wounds
 t - 2 potions of haste
 v - a potion of might
 x - a potion of attraction {unknown}


   Skills:
 + Level 7.6(12.6) Fighting
 + Level 11.2(16.2) Axes
 + Level 9.0(14.0) Armour
 + Level 4.2(9.2) Dodging
 + Level 1.5(6.5) Stealth
 + Level 7.6(12.6) Shields
 + Level 1.1 Invocations


You had 9 spell levels left.
You didn't know any spells.
Your spell library contained the following spells:

 Spells                   Type           Power      Damage    Failure   Level
 Apportation              Tloc           0%         N/A       75%         1
 Necrotise                Necr           0%         1d4       75%         1
 Ensorcelled Hibernation  Hex/Ice        0%         N/A       87%         2
 Passwall                 Tmut/Erth      0%         N/A       87%         2
 Swiftness                Air            0%         N/A       98%         3
 Petrify                  Tmut/Erth      0%         N/A       100%        4
 Metabolic Englaciation   Hex/Ice        0%         N/A       100%        5
 Conjure Ball Lightning   Conj/Air       0%         3x3d6     100%        6
 Statue Form              Tmut/Erth      0%         N/A       100%        6
 Discord                  Hex            0%         N/A       100%        8
 Disjunction              Tloc           0%         N/A       100%        8
 Summon Small Mammal      Summ           Unusable   N/A       N/A         1

Dungeon Overview and Level Annotations

Branches:
Dungeon (7/15)
 Temple: D:4-7

Altars:
Makhleb
Nemelex Xobeh
Okawaru
Wu Jian
Yredelemnul


Innate Abilities, Weirdness & Mutations

You have a pair of horns on your head.
You reflexively headbutt those who attack you in melee.


Message History

The puff of flame hits you.
You barely miss something. You block something's attack.
You slash something! Okawaru accepts your kill.
Reactivating autopickup.
You feel a bit more experienced.
You hit the orc wizard.
The sky beast flickers out of sight!
Deactivating autopickup; reactivate with Ctrl-A.
Something hits you but does no damage. You block the orc wizard's attack.
Things that are here:
a +0 dagger; a +0 robe; an orc corpse You closely miss something.
Your headbutt misses something. You hit the orc wizard.
Something hits you but does no damage. You block the orc wizard's attack.
You closely miss something. You headbutt something.
You barely miss the orc wizard. Something hits you but does no damage.
The orc wizard mumbles some strange words.
The orc wizard flickers and vanishes!
You slash something!
You hit the orc warrior but do no damage.
You barely miss something. Something hits you but does no damage.
You hear some strange, mumbled words.
Something tries to affect you, but you resist.
The orc warrior hits you with a +0 flail!
* * * LOW HITPOINT WARNING * * *
You hit something. You hit the orc warrior. You slash something!
Okawaru accepts your kill.
Reactivating autopickup.
You feel a bit more experienced.
Deactivating autopickup; reactivate with Ctrl-A.
You hit something. Your headbutt misses something. You hit the orc warrior.
Something hits you.
* * * LOW HITPOINT WARNING * * *
Something shocks you.
* * * LOW HITPOINT WARNING * * *
The orc warrior hits you with a +0 flail!
* * * LOW HITPOINT WARNING * * *
The orc priest invokes the aid of Beogh against you.
Beogh smites you!
You die...

. ... #####
######.... #...#
######.){o>....
#...# ##......@o#
#...###†.########
#.........#
#...#####.....
#...# ##### #...#
#...# #...# ##..#


You could see an orc warrior and an orc priest.

Vanquished Creatures
  A two-headed ogre (D:6)
  Sigmund (D:4)
  A steam dragon (D:7)
  3 wargs (D:6)
  A black bear (D:5)
  An ice beast (D:6)
  5 ogres
  3 phantoms
  A bullfrog (D:4)
  5 kobold brigands
  7 gnoll sergeants (D:6)
  2 scorpions
  7 howler monkeys (D:6)
  7 hounds
  A jelly (D:5)
  9 orc priests
  2 iguanas (D:5)
  5 orc wizards
  7 adders
  17 gnolls
  3 white imps
  2 ufetubi (D:4)
  A dart slug (D:2)
  14 orcs
  7 ball pythons
  12 endoplasms
  3 giant cockroaches
  4 goblins
  9 hobgoblins
  13 kobolds
  3 quokkas
  3 bats
  5 frilled lizards
  6 rats
171 creatures vanquished.

Vanquished Creatures (others)
  A fungus (D:3)
  3 plants (D:6)
4 creatures vanquished.

Grand Total: 175 creatures vanquished

Notes
Turn   | Place    | Note
-------+----------+-------------------------------------------
     0 | D:1      | boopmooplesden the Minotaur Fighter began the quest for the
                  | Orb.
     0 | D:1      | Reached XP level 1. HP: 19/19 MP: 0/0
    97 | D:1      | Reached XP level 2. HP: 24/27 MP: 1/1
   412 | D:1      | Found a faded altar of an unknown god.
   646 | D:1      | Reached XP level 3. HP: 29/33 MP: 2/2
   953 | D:2      | Reached skill level 3 in Axes
  1122 | D:2      | Reached skill level 1 in Dodging
  1302 | D:2      | Reached XP level 4. HP: 22/40 MP: 3/3
  1547 | D:2      | Reached skill level 4 in Axes
  1968 | D:3      | Found a basalt altar of Yredelemnul.
  1968 | D:3      | Found an iron altar of Okawaru.
  2048 | D:3      | Became a worshipper of Warmaster Okawaru
  2114 | D:3      | Found a sparkling altar of Nemelex Xobeh.
  2200 | D:3      | Reached XP level 5. HP: 41/46 MP: 4/4
  2537 | D:4      | Reached skill level 5 in Axes
  2537 | D:4      | Reached XP level 6. HP: 35/52 MP: 5/5
  2675 | D:4      | Reached skill level 5 in Armour
  2686 | D:4      | Noticed Sigmund
  2700 | D:4      | Reached * piety under Okawaru
  2705 | D:4      | Killed Sigmund
  2706 | D:4      | Reached skill level 6 in Axes
  2706 | D:4      | Reached skill level 5 in Shields
  2706 | D:4      | Reached XP level 7. HP: 17/60 MP: 6/6
  2995 | D:4      | Found an ornate altar of the Wu Jian Council.
  3024 | D:4      | Reached ** piety under Okawaru
  3199 | D:4      | Reached skill level 1 in Stealth
  3406 | D:4      | Identified the +1 plate armour of Privacy {Will+++ rCorr
                  | Int-3 Dex-4}
  3422 | D:4      | Reached skill level 5 in Fighting
  3756 | D:5      | Entered Level 5 of the Dungeon
  3780 | D:5      | Reached skill level 7 in Axes
  3787 | D:5      | Reached XP level 8. HP: 37/68 MP: 4/7
  4612 | D:5      | Found a burning altar of Makhleb.
  4834 | D:6      | Reached skill level 8 in Axes
  4853 | D:6      | Reached *** piety under Okawaru
  5050 | D:6      | Reached skill level 9 in Axes
  5052 | D:6      | Reached XP level 9. HP: 44/75 MP: 5/8
  5052 | D:6      | Noticed a two-headed ogre
  5368 | D:6      | Killed a two-headed ogre
  5593 | D:6      | Reached skill level 10 in Axes
  5909 | D:6      | Reached skill level 1 in Invocations
  5912 | D:6      | Reached **** piety under Okawaru
  6239 | D:6      | Reached skill level 11 in Axes
  6239 | D:6      | Reached XP level 10. HP: 39/86 MP: 9/9
  6442 | D:6      | Reached ***** piety under Okawaru
  6951 | D:7      | Killed from afar by an orc priest

Illustrated notes

Levels and vault maps discovered:
D:1:      minmay_arrival_radiant_lines, layout_loops_ring,
          basic_ecumenical_altar
D:2:      layout_loops_ring
D:3:      cheibrodos_thug_alley, layout_rooms, lemuel_round_altar,
          chequers_temple_overflow_statue_of_worship, minivault_23,
          hangedman_decor_growths, minmay_misc_feat_plants
D:4:      layout_cave_pods, lemuel_crystal_altar, serial_column_ruins,
          column_ruins_square_large, column_ruins_hut, column_ruins_grid_1,
          column_ruins_corridor_T, column_ruins_open_small_water, uniq_sigmund
D:5:      layout_loops_cross, bloody_makhleb
D:6:      lemuel_castle_with_subvaults [lemuel_castle_interior_carwin_3],
          layout_loops_cross
D:7:      layout_rooms, general_overflow_altar, minmay_temple_entry_statues

Skill      XL: |  1  2  3  4  5  6  7  8  9 10 |
---------------+-------------------------------+-----
Shields        | 4 5 6 7 |  7.6
Armour         | 4 5 6 7 9 |  9.0
Fighting       | 4 5 6 7 |  7.6
Axes           | 3 4 5 6 7 9 11 | 11.2
Dodging        | 1 2 3 4 |  4.2
Stealth        | 1 |  1.5
Invocations    | 1 |  1.1

Action                   |  1- 3 |  4- 6 |  7- 9 | 10-12 || total
-------------------------+-------+-------+-------+-------++-------
Melee: War axe           |    92 |    83 |   214 |    35 ||   424
       Headbutt          |    13 |    13 |    49 |     8 ||    83
Throw: Throwing net      |       |       |     1 |       ||     1
Invok: Heroism           |       |       |     6 |     1 ||     7
  Use: Scroll            |       |     7 |     4 |       ||    11
       Potion            |       |     1 |     3 |       ||     4
Armor: Scale mail        |    26 |    30 |    53 |    11 ||   120
Dodge: Dodged            |    37 |    47 |    88 |     7 ||   179
Block: Buckler           |    39 |    43 |   119 |    14 ||   215
       Reflection        |       |       |     7 |     1 ||     8
